cohdb
Replays
Latest Replays
All Replays
Popular Replays
Top Player Replays
Match Explorer
How It Works
Community
CoH3 Stats
Reddit
Sign in to upload your games and track your stats! →
Sign in with Steam
Match 42453097
Unlisted
Match 42453097
Overview
Messages
Build Orders
End
Royal Engineer Section
Selects Canadian Shock Battlegroup
Construct Section Command Post
Infantry Section
Infantry Section
Infantry Section
Selects Attacking Spirit
Construct Platoon Command Post
Humber Armored Car
Construct Field Infirmary
Grenade Package
6-pounder Anti-tank Gun Team
Selects Incendiary Munitions
Selects Canadian Shock Section
Infantry Section
Selects Pyrotechnics
Construct Company Command Post
Infantry Training
Foot Guards Section
Matilda II Heavy Tank
Selects Churchill Crocodile Heavy Tank
Armored Vehicle Training
Infantry Section
Royal Engineer Section
Selects Point Assault
Churchill Crocodile Heavy Tank
Killervirus
william
Brother
CSI
0
0
Comments
sign in to comment!
No comments posted yet!